AoeStats
← Nico57064

Arena

506745610Analyzed
3v3 RM · 18d ago on Sep 14, 2026· 50m 53s· 6 players
Game mode
Random Map
Map size
Normal (6 player)
Population
200
Speed
Normal
Resources
Standard
Victory
Conquest
Starting age
Dark Age
Ending age
Imperial Age
RankedLock teamsTeams togetherTeam positionsShared explorationLock speedFull tech treeHidden civsTurbo modeCheats
Victory
Defeat
🇦🇷 Saracens · Argentina
1038
+11
🇦🇷 Jurchens · Argentina
1032
+11
🇦🇷 Chinese · Argentina
859
+18
🇦🇷 Portuguese · Argentina
974
-16
🇦🇷 Chinese · Argentina
934
-14
🇦🇷 Lithuanians · Argentina
823
-10
ElAguuz
9:29 Loom
11:54 Feudal Age
15:32 Castle Age
13:46 Double-Bit Axe
14:10 Horse Collar
14:43 Fletching
14:53 Padded Archer Armor
15:22 Padded Archer Armor
15:54 Gold Mining
17:14 Bow Saw
23:18 Wheelbarrow
23:48 Crossbowman
24:42 Thumb Ring
25:43 Ballistics
25:20 Bodkin Arrow
25:40 Leather Archer Armor
25:56 Stone Mining
27:33 Heavy Plow
28:14 Murder Holes
29:03 Town Watch
29:34 Hand Cart
29:43 Hand Cart
30:22 Leather Archer Armor
32:46 Imperial Age
30:57 Elite Skirmisher
31:50 Circumnavigation
34:01 Ring Archer Armor
34:50 Chemistry
34:49 Siege Engineers
35:04 Arbalester
35:45 Bracer
37:17 Two-Man Saw
37:09 Elite Organ Gun
38:31 Town Patrol
golden229269
11:49 Feudal Age
16:56 Castle Age
15:35 Horse Collar
16:15 Double-Bit Axe
17:57 Heavy Plow
19:52 Wheelbarrow
19:35 Bow Saw
21:11 Hand Cart
21:25 Stone Mining
30:14 Forging
30:10 Scale Barding Armor
30:25 Husbandry
30:36 Bloodlines
35:52 Imperial Age
33:41 Gold Mining
34:27 Stone Shaft Mining
36:06 Iron Casting
35:53 Chain Barding Armor
36:41 Thumb Ring
36:07 Crossbowman
36:42 Fletching
36:53 Padded Archer Armor
37:16 Elite Leitis
38:18 Conscription
39:11 Plate Barding Armor
39:11 Tower Shields
44:31 Crop Rotation
EsteNoEsPaisa
0:58 Loom
11:58 Feudal Age
12:41 Double-Bit Axe
12:36 Horse Collar
19:32 Castle Age
18:06 Scale Mail Armor
21:03 Wheelbarrow
20:40 Bow Saw
22:01 Forging
22:07 Chain Mail Armor
22:41 Gold Mining
24:52 Iron Casting
27:00 Hand Cart
27:49 Squires
34:23 Elite Skirmisher
35:08 Thumb Ring
36:47 Padded Archer Armor
36:37 Fletching
38:10 Leather Archer Armor
37:51 Bodkin Arrow
41:02 Imperial Age
40:59 Ballistics
41:04 Elite Fire Lancer
42:21 Ring Archer Armor
42:53 Blast Furnace
41:53 Bracer
42:23 Plate Mail Armor
41:19 Capped Ram
43:12 Chemistry
42:23 Siege Ram
42:49 Heavy Rocket Cart
46:53 Pikeman
47:35 Halberdier
48:07 Halberdier
48:13 Light Cavalry
49:04 Bloodlines
48:56 Husbandry
Jean_Claude
7:43 Loom
10:36 Feudal Age
10:48 Feudal Age
14:44 Castle Age
13:30 Double-Bit Axe
15:55 Horse Collar
24:31 Bow Saw
25:14 Wheelbarrow
25:08 Gold Mining
26:55 Wheelbarrow
29:17 Imperial Age
26:59 Heavy Plow
27:12 Stone Mining
27:58 Gold Shaft Mining
27:56 Husbandry
28:07 Bloodlines
29:37 Scale Barding Armor
29:43 Forging
30:42 Chain Barding Armor
31:37 Elite Steppe Lancer
34:13 Two-Man Saw
35:38 Iron Casting
37:06 Conscription
39:59 Chemistry
39:07 Padded Archer Armor
38:57 Fletching
40:17 Hand Cart
40:37 Squires
40:23 Arson
42:08 Elite Fire Lancer
43:50 Town Watch
43:52 Light Cavalry
46:46 Plate Barding Armor
47:12 Blast Furnace
46:04 Elite Iron Pagoda
Nico57064
0:47 Loom
10:37 Feudal Age
15:16 Castle Age
14:26 Double-Bit Axe
14:43 Stone Mining
32:20 Ballistics
32:58 Fletching
33:09 Padded Archer Armor
34:48 Bow Saw
34:34 Gold Mining
35:20 Stone Shaft Mining
35:12 Leather Archer Armor
34:57 Horse Collar
35:27 Bodkin Arrow
37:20 Thumb Ring
39:58 Wheelbarrow
44:08 Imperial Age
41:48 Heavy Plow
42:31 Hand Cart
44:50 Heavy Rocket Cart
44:50 Heavy Scorpion
46:48 Rocketry
46:49 Conscription
49:55 Bracer
51:19 Forging
51:15 Scale Barding Armor
sleepycrow77
9:45 Feudal Age
11:16 Double-Bit Axe
13:25 Wheelbarrow
13:56 Loom
15:08 Horse Collar
18:00 Castle Age
16:10 Gold Mining
19:33 Bow Saw
20:27 Fletching
21:26 Gold Shaft Mining
21:21 Bodkin Arrow
22:03 Padded Archer Armor
24:02 Heavy Plow
23:55 Stone Mining
26:05 Thumb Ring
27:56 Gold Shaft Mining
28:03 Leather Archer Armor
27:38 Town Watch
28:10 Hand Cart
28:40 Ballistics
32:55 Treadmill Crane
36:33 Imperial Age
35:14 Murder Holes
35:29 Masonry
36:03 Bimaristan
38:01 Conscription
37:13 Heavy Cavalry Archer
38:21 Parthian Tactics
38:00 Bracer
38:26 Bloodlines
39:20 Ring Archer Armor
40:58 Hoardings
40:43 Husbandry
42:11 Chemistry
41:25 Scale Barding Armor
43:27 Forging
43:07 Heavy Camel Rider
44:11 Chain Barding Armor
44:57 Siege Engineers
44:58 Town Patrol
46:39 Iron Casting
48:24 Caravan
Connection lost

Rejoining the realm…

Still unreachable

The connection could not be restored.

Session expired

The server has moved on; the page needs a fresh start.